 Dungeon Crawl Stone Soup version 0.24.1-8-ga250c9d538 (webtiles) character file.

Game seed: 6133681266989008646, levelgen mode: deterministic

4671 Hugehornet the Martial Artist (level 10, -6/59 HPs)
             Began as an Octopode Transmuter on May 3, 2020.
             Was a Priest of Cheibriados.
             Mangled by a worker ant (7 damage)
             ... on level 8 of the Dungeon.
             The game lasted 00:30:45 (10405 turns).

Hugehornet the Martial Artist (OpTm)               Turns: 10405, Time: 00:30:45

Health: -6/59      AC:  1    Str: 21    XL:     10   Next: 44%
Magic:  12/16      EV: 14    Int: 25    God:    Cheibriados [***...]
Gold:   522        SH:  0    Dex: 21    Spells: 2/17 levels left

rFire    . . .     SeeInvis .     - Unarmed
rCold    + . .     Gourm    .   (shield currently unavailable)
rNeg     . . .     Faith    .   (helmet restricted)
rPois    .         Spirit   .   (no amulet)
rElec    .         Reflect  .   u - ring of flight
rCorr    .         Harm     .   E - ring of protection from cold
MR       .....                  (no ring)
Stlth    +++.......             (no ring)
HPRegen  0.19/turn              (no ring)
MPRegen  0.15/turn              (no ring)
                                (no ring)
                                (no ring)

@: mighty, lethally poisoned (-6 -> -13), blade tentacles, marked, very slow
A: almost no armour, stealthy swim, amphibious, 8 rings, constrict 8, camouflage
1, gelatinous body 1
a: End Transformation, Bend Time, Temporal Distortion, Renounce Religion, Evoke
Flight


You were on level 8 of the Dungeon.
You worshipped Cheibriados.
Cheibriados was most pleased with you.
You were hungry.
You had blades for tentacles.
You visited 2 branches of the dungeon, and saw 9 of its levels.
You also visited: Sewer.

You collected 522 gold pieces.

Inventory:

Missiles
 C - 48 arrows
Armour
 e - a +0 shield
 s - a +0 large shield
Jewellery
 o - an uncursed amulet of guardian spirit
 u - a ring of flight (left scythe-like blade)
 E - a ring of protection from cold (right scythe-like blade)
Wands
 g - a wand of flame (20)
 k - a wand of digging (4)
 q - a wand of clouds (9)
 v - a wand of polymorph (5)
 y - a wand of acid (12)
 z - a wand of scattershot (3)
Scrolls
 b - 10 scrolls of remove curse
 d - 6 scrolls of teleportation
 f - 3 scrolls of enchant weapon {unknown}
 h - a scroll of torment {unknown}
 i - a scroll of amnesia {unknown}
 l - 3 scrolls of enchant armour {unknown}
 n - 3 scrolls of fear {unknown}
 p - 3 scrolls of noise {unknown}
 w - a scroll of brand weapon {unknown}
 x - a scroll of immolation {unknown}
 B - a scroll of identify
Potions
 a - 2 potions of cancellation
 m - a potion of brilliance
 r - a potion of lignification
 t - a potion of flight {unknown}
 A - a potion of agility {unknown}
 F - a potion of mutation {unknown}
Comestibles
 c - 12 rations
 D - 3 chunks of flesh


   Skills:
 * Level 1.4 Fighting
 * Level 2.3 Dodging
 + Level 0.8 Stealth
 + Level 0.4 Shields
 + Level 11.1 Unarmed Combat
 + Level 4.0 Spellcasting
 + Level 9.0 Transmutations
 + Level 3.1 Invocations


You had 2 spell levels left.
You knew the following spells:

 Your Spells              Type           Power        Failure   Level  Hunger
a - Beastly Appendage     Tmut           ######       9%          1    None
b - Sticks to Snakes      Tmut           ######..     10%         2    None
c - Spider Form           Tmut/Pois      ####......   30%         3    ##.....
d - Ice Form              Ice/Tmut       ####....     54%         4    ####...
e - Blade Hands           Tmut           ######....   36%         5    #####..

Your spell library contained the following spells:

 Spells                   Type           Power        Failure   Level  Hunger
 Animate Skeleton         Necr           N/A          43%         1    None
 Apportation              Tloc           #.....       43%         1    None
 Confusing Touch          Hex            #.....       43%         1    None
 Magic Dart               Conj           #...         43%         1    None
 Sting                    Conj/Pois      #...         43%         1    None
 Summon Small Mammal      Summ           #...         43%         1    None
 Poisonous Vapours        Pois/Air       #.....       54%         2    None
 Searing Ray              Conj           #.....       54%         2    None
 Dazzling Spray           Conj/Hex       #.....       69%         3    ##.....
 Mephitic Cloud           Conj/Pois/Air  #.......     69%         3    ##.....
 Force Lance              Conj/Tloc      #.......     94%         4    ####...
 Fulminant Prism          Conj/Hex       #.........   94%         4    ####...
 Iskenderun's Mystic Bla  Conj           #.......     94%         4    ####...
 Olgreb's Toxic Radiance  Pois           #.......     94%         4    ####...
 Venom Bolt               Conj/Pois      #.........   99%         5    #####..


Dungeon Overview and Level Annotations

Branches:
Dungeon (8/15)             Temple (1/1) D:5           Sewer (visited)
   Lair: D:8-11

Altars:
Ashenzari
Cheibriados
Dithmenos
Elyvilon
Fedhas
Gozag
Hepliaklqana
Kikubaaqudgha
Okawaru
Qazlal
Sif Muna
Vehumet
Xom
Yredelemnul
Zin
The Shining One
Beogh

Annotations:
D:6 3 runed translucent doors, nightchill's ghost, novice GrGl
D:7 exclusions: electric eel and 1 more exclusion


Innate Abilities, Weirdness & Mutations

You cannot wear most types of armour.
You are very stealthy in the water. (Stealth+)
You are amphibious.
You can wear up to eight rings at the same time.
You can use your tentacles to constrict eight enemies at once.
Your skin changes colour to match your surroundings (Stealth+).
Your rubbery body absorbs attacks. (AC +1, EV +1)


Message History

You see here a soldier ant corpse.
You slice the soldier ant!! You grab the soldier ant.
The soldier ant is heavily wounded.
You constrict the soldier ant, but do no damage.
The worker ant barely misses you. x2; The worker ant bites you.
* * * LOW HITPOINT WARNING * * *
You slice the soldier ant!!
You kill the soldier ant!
Cheibriados appreciates the change of pace.
You feel sick.
A centaur comes into view.
A worker ant comes into view.
The worker ant bites you!
* * * LOW HITPOINT WARNING * * *
The worker ant completely misses you. The worker ant barely misses you.
You feel very mighty all of a sudden. The worker ant bites you.
* * * LOW HITPOINT WARNING * * *
You are more poisoned.
The worker ant poisons you! The worker ant bites you!
You die...

####### #..aaa##
#'''#a@###
#.^.##aa.##
#..#a†###..#
#...###...##.##
#.... ..a..#.Y##
##.a ##...###..##
#a. ..#.a###c.#
..#
.###...##.######..
. ....#.........


You could see an ice beast, a centaur and 6 worker ants.

Vanquished Creatures
  A queen ant (D:8)
  A gargoyle (D:7)
  5 yaks (D:6)
  7 soldier ants (D:8)
  Purgy (Sewer)
  An orc warrior (D:7)
  2 sky beasts
  A necrophage (D:6)
  A phantom (D:5)
  An ogre (D:6)
  3 centaurs
  2 scorpions
  A howler monkey (D:7)
  A crimson imp (D:8)
  A bullfrog zombie (D:5)
  5 hounds
  2 bullfrog skeletons
  A centaur skeleton (D:7)
  5 orc priests
  A jelly (D:8)
  4 orc wizards
  An iguana (D:8)
  15 worker ants
  A hound zombie (D:5)
  A worker ant zombie (D:7)
  8 adders
  3 gnolls (D:6)
  2 river rats (D:6)
  3 shadow imps
  An ooze (D:3)
  An adder skeleton (D:4)
  An adder zombie (D:7)
  2 worms
  A dart slug (D:1)
  6 leopard geckos
  22 orcs
  5 giant cockroaches
  8 goblins
  5 hobgoblins
  5 jackals
  12 kobolds
  7 quokkas
  2 ball pythons
  6 bats
  4 frilled lizards
  A quokka skeleton (D:5)
  A rat (D:2)
171 creatures vanquished.

Vanquished Creatures (collateral kills)
  Menkaure (D:4)
1 creature vanquished.

Grand Total: 172 creatures vanquished

Notes
Turn   | Place    | Note
-------+----------+-------------------------------------------
     0 | D:1      | Hugehornet the Octopode Transmuter began the quest for the
                  | Orb.
     0 | D:1      | Reached XP level 1. HP: 13/13 MP: 3/3
   247 | D:1      | Reached XP level 2. HP: 18/18 MP: 3/5
   484 | D:1      | Learned a level 2 spell: Sticks to Snakes
   916 | D:2      | Reached XP level 3. HP: 18/23 MP: 4/6
  1659 | D:2      | Reached XP level 4. HP: 28/28 MP: 5/7
  1692 | D:2      | Learned a level 3 spell: Spider Form
  1814 | D:2      | Found a hazy altar of Hepliaklqana.
  2951 | D:4      | Reached skill level 5 in Transmutations
  3021 | D:4      | Reached XP level 5. HP: 19/33 MP: 4/8
  3385 | D:4      | Noticed Menkaure
  3401 | D:4      | Killed Menkaure
  3548 | D:4      | Reached XP level 6. HP: 38/38 MP: 2/9
  4020 | D:4      | HP: 1/38 [poisoned by a worker ant]
  4526 | D:4      | Reached skill level 4 in Unarmed Combat
  4526 | D:4      | Reached XP level 7. HP: 18/43 MP: 8/10
  4871 | D:5      | Entered Level 5 of the Dungeon
  5116 | D:5      | Found a staircase to the Ecumenical Temple.
  5125 | Temple   | Entered the Ecumenical Temple
  5184 | Temple   | Became a worshipper of Cheibriados the Contemplative
  5496 | D:5      | Found a radiant altar of Vehumet.
  5665 | D:5      | Reached skill level 5 in Unarmed Combat
  6136 | D:5      | Reached skill level 6 in Unarmed Combat
  6507 | D:6      | Reached XP level 8. HP: 46/48 MP: 7/11
  6514 | D:6      | Reached * piety under Cheibriados
  6537 | D:6      | Reached skill level 7 in Unarmed Combat
  6678 | D:6      | Found a glowing drain.
  6842 | Sewer    | Entered a sewer
  7169 | Sewer    | Noticed Purgy
  7185 | Sewer    | Killed Purgy
  7267 | D:6      | Reached skill level 1 in Invocations
  7485 | D:6      | Noticed a yak
  7510 | D:6      | Noticed a yak
  7510 | D:6      | Noticed a yak
  7517 | D:6      | Noticed a yak
  7520 | D:6      | Noticed a yak
  7525 | D:6      | Killed a yak
  7535 | D:6      | Killed a yak
  7535 | D:6      | Reached skill level 8 in Unarmed Combat
  7541 | D:6      | Killed a yak
  7541 | D:6      | Reached XP level 9. HP: 23/53 MP: 10/13
  7795 | D:6      | Learned a level 5 spell: Blade Hands
  7823 | D:6      | Found a blossoming altar of Fedhas.
  7991 | D:6      | Found a runed translucent gate.
  7991 | D:6      | Noticed nightchill's ghost (novice GrGl)
  7992 | D:6      | Found a runed translucent gate.
  7992 | D:6      | Identified the +5 scimitar of the Establishment {drain,
                  | Dex+9}
  7992 | D:6      | Identified the +4 plate armour of the Enchanted Forest
                  | {+Fly rPois MR++ Str-5}
  7993 | D:6      | Found a runed translucent gate.
  7999 | D:6      | Found a roughly hewn altar of Beogh.
  8391 | D:7      | Noticed a gargoyle
  8411 | D:7      | Reached ** piety under Cheibriados
  8734 | D:7      | HP: 2/53 [centaur skeleton (2)]
  9139 | D:7      | Found an opulent altar of Gozag.
  9183 | D:7      | Killed a gargoyle
  9183 | D:7      | Reached skill level 9 in Unarmed Combat
  9471 | D:7      | Learned a level 4 spell: Ice Form
 10325 | D:8      | Reached skill level 10 in Unarmed Combat
 10325 | D:8      | Reached XP level 10. HP: 52/58 MP: 10/16
 10333 | D:8      | Reached *** piety under Cheibriados
 10389 | D:8      | Noticed a queen ant
 10395 | D:8      | Killed a queen ant
 10395 | D:8      | Reached skill level 11 in Unarmed Combat
 10405 | D:8      | HP: 1/59 [worker ant (4)]
 10405 | D:8      | Mangled by a worker ant

Levels and vault maps discovered:
D:1:      lemuel_arrival_broad_hall, layout_loops_corners, chequers_arboretum,
          corexii_item_surrounded_by_moat
D:2:      cheibrodos_helix_gallery, layout_basic, old_standard_altar,
          first_ration
D:3:      layout_rooms
D:4:      layout_loops_ring, uniq_menkaure
D:5:      layout_rooms, vehumet_altar_wand_db, nicolae_overflow_hidden_temple,
          minmay_temple_entry_sparse_star, minmay_crossroads
D:6:      layout_rooms, biasface_ghost_orc_armoury,
          cheibrodos_sewer_entry_sluice, fedhas_altar_2
D:7:      layout_rooms, kennysheep_mini_moat, serial_bayou_pond_b
D:8:      layout_cave_pools, gammafunk_temple_overflow_pools, zaba_antful_of_joy
Temple:   cyrus_circular_temple

Skill      XL: |  1  2  3  4  5  6  7  8  9 10 |
---------------+-------------------------------+-----
Transmutations | 3 4 5 6 7 9 |  9.0
Unarmed Combat | 4 6 8 10 11 | 11.1
Invocations    | 2 3 |  3.1
Spellcasting   | 3 4 |  4.0
Fighting       | |  1.4
Dodging        | |  2.3
Stealth        | |  0.8
Shields        | |  0.4

Action                   |  1- 3 |  4- 6 |  7- 9 | 10-12 || total
-------------------------+-------+-------+-------+-------++-------
Melee: Unarmed           |    69 |   122 |   303 |    24 ||   518
       Constrict         |    23 |    20 |    27 |     5 ||    75
       Kick              |    15 |    15 |    40 |     3 ||    73
       Tentacles         |    10 |    15 |    29 |     4 ||    58
       Punch             |     1 |     1 |     4 |     2 ||     8
 Cast: Beastly Appendage |    21 |    26 |    29 |     1 ||    77
       Spider Form       |       |     4 |    18 |       ||    22
       Sticks to Snakes  |       |     4 |     6 |       ||    10
       Blade Hands       |       |       |     3 |     1 ||     4
Invok: Bend Time         |       |       |     1 |       ||     1
  Use: Potion            |       |     1 |     6 |     1 ||     8
       Scroll            |       |       |    10 |       ||    10
 Stab: Sleeping          |     4 |     3 |       |       ||     7
  Eat: Chunk             |     3 |     9 |     9 |       ||    21
       Ration            |       |       |     2 |       ||     2
Armor: Skin              |     7 |     9 |    11 |     1 ||    28
Dodge: Dodged            |    51 |    86 |   246 |    19 ||   402
